 Dungeon Crawl Stone Soup version 0.29.1-1-gd02db6906a (webtiles) character file.

Game seed: 11296425659865220073

23 lanetrain the Chiller (level 2, -2/20 HPs)
             Began as a Draconian Ice Elementalist on Sept 30, 2022.
             Was a Follower of Dithmenos.
             Slain by Sigmund
             ... wielding a +0 scythe
              (6 damage)
             ... on level 2 of the Dungeon.
             The game lasted 00:03:05 (1463 turns).

lanetrain the Chiller (Draconian Ice Elementalist)  Turns: 1463, Time: 00:03:05

Health: -2/20      AC: 11    Str:  7 (10) XL:     2   Next: 75%
Magic:  3/5        EV: 12    Int: 14 (15) God:    Dithmenos [*.....]
Gold:   29         SH:  0    Dex:  9 (11) Spells: 4/5 levels left

rFire   . . .      SeeInvis .   l - +2 mace (protect)
rCold   . . .      Faith    .   (no shield)
rNeg    . . .      Spirit   .   (body armour unavailable)
rPois   .          Reflect  .   (helmet restricted)
rElec   .          Harm     .   (no cloak)
rCorr   .          Rampage  .   (no gloves)
Will    .....                   (no boots)
Stlth   ++........              (no amulet)
HPRegen 0.06/turn               (no ring)
MPRegen 0.09/turn               (no ring)

@: under a protective aura, wreathed by umbra
A: AC +4, unfitting armour, cold-blooded
a: Renounce Religion


You were on level 2 of the Dungeon.
You worshipped Dithmenos.
Dithmenos was aware of your devotion.
You visited 1 branch of the dungeon, and saw 2 of its levels.

You collected 29 gold pieces.

Inventory:

Hand Weapons
 h - a +0 short sword
 l - a +2 mace of protection (weapon)
Missiles
 c - 12 stones
Scrolls
 d - a scroll of noise {unknown}
 e - a scroll of vulnerability
 f - a scroll of brand weapon
 n - a scroll of poison {unknown}
 o - a scroll of immolation {unknown}
Potions
 a - a potion of magic
 b - a potion of heal wounds {unknown}
 g - a potion of degeneration
 i - a potion of flight {unknown}
 j - a potion of curing {unknown}
 k - a potion of lignification {unknown}
 m - a potion of might {unknown}
 p - a potion of resistance {unknown}


   Skills:
 + Level 0.1 Maces & Flails
 + Level 1.9 Dodging
 + Level 1.9 Stealth
 + Level 2.2 Spellcasting
 + Level 4.5 Ice Magic


You had 4 spell levels left.
You knew the following spells:

 Your Spells              Type           Power      Damage    Failure   Level
a - Freeze                Ice            56%        1d7       3%          1

Your spell library contained the following spells:

 Spells                   Type           Power      Damage    Failure   Level
 Frozen Ramparts          Ice            28%        1d5       11%         3
 Ozocubu's Armour         Ice            14%        N/A       11%         3
 Hailstorm                Conj/Ice       7%         3d4       65%         4


Dungeon Overview and Level Annotations

Branches:
Dungeon (2/15)

Altars:
Dithmenos

Annotations:
D:2 Sigmund


Innate Abilities, Weirdness & Mutations

Your plain brown scales are hard. (AC +4)
You cannot fit into any form of body armour.
You are cold-blooded and may be slowed by cold attacks.


Message History

The magic dart hits you. Something hits you!
Ouch! That really hurt!
You hit something.
Your weapon exudes an aura of protection.
Something hits you but does no damage.
The giant cockroach completely misses you.
You sock something! The giant cockroach misses you.
You hear some strange, mumbled words.
A puff of flame appears from out of thin air!
The puff of flame misses you.
You hit something. The giant cockroach closely misses you.
The giant cockroach misses you. Something hits you but does no damage.
You barely miss something.
The giant cockroach bites you but does no damage.
Something barely misses you. The giant cockroach closely misses you.
The giant cockroach attacks as you move away!
The giant cockroach barely misses you.
Casting: Freeze (safe; 3% risk of failure)
Confirm with . or Enter, or press ? or * to list all spells.
Aiming: Freeze (safe; 3% risk of failure)
Press: ? - help, Shift-Dir - straight line, f - giant cockroach
Aim: a giant cockroach (umbra)
You freeze the giant cockroach.
The giant cockroach is severely wounded.
Something completely misses you. The giant cockroach closely misses you.
You closely miss the giant cockroach.
The giant cockroach is severely wounded.
The giant cockroach barely misses you. Something hits you.
* * * LOW HITPOINT WARNING * * *
The giant cockroach barely misses you.
You hit the giant cockroach.
Your weapon exudes an aura of protection.
You kill the giant cockroach!
Dithmenos accepts your kill. Something hits you but does no damage.
It was a potion of degeneration.
There was something very wrong with that liquid.
You feel weakened.
You feel dopey.
You feel clumsy. Something hits you.
You die...

#.# #.#
#.# #.#
#.# #.#
#.# #.#
#@# #†#
.....).{#
#########


There were no monsters in sight!

Vanquished Creatures
  A dart slug (D:1)
  2 ball pythons (D:1)
  2 giant cockroaches
  3 hobgoblins (D:1)
  6 kobolds (D:1)
  2 bats (D:1)
  5 rats
21 creatures vanquished.

Notes
Turn   | Place    | Note
-------+----------+-------------------------------------------
     0 | D:1      | lanetrain the Draconian Ice Elementalist began the quest
                  | for the Orb.
     0 | D:1      | Reached XP level 1. HP: 14/14 MP: 3/3
   458 | D:1      | Reached XP level 2. HP: 20/20 MP: 3/5
   746 | D:1      | Found a faded altar of an unknown god.
   961 | D:1      | Prayed at the altar of an unknown god.
   961 | D:1      | Became a worshipper of Dithmenos the Shadowed
   961 | D:1      | Reached * piety under Dithmenos
  1445 | D:2      | Noticed Sigmund
  1463 | D:2      | Slain by Sigmund

Illustrated notes

Levels and vault maps discovered:
D:1:      nagdon_arrival_double_spiral, layout_rooms,
          dreamdust_ecumenical_altar_angels_and_demons, serial_bayou_crossing
D:2:      layout_basic, basic_altar, uniq_robin, uniq_sigmund

Action                   || total
-------------------------++-------
Melee: Unarmed           ||     7
       Tailslap          ||     4
       Short sword       ||     2
       Mace              ||    28
 Cast: Freeze            ||    15
  Use: Scroll            ||     3
       Potion            ||     1
 Stab: Sleeping          ||     1
Armor: Skin              ||    19
Dodge: Dodged            ||    32
